 Dungeon Crawl Stone Soup version 0.30.1-4-g462c640d31 (webtiles) character file.

Game seed: 14701166163293099108

224 leafyfresh the Transmogrifier (level 6, -2/64 HPs)
             Began as a Merfolk Transmuter on Aug 18, 2023.
             Slain by Pikel
             ... wielding a +1 whip of flaming
              (6 damage)
             ... on level 4 of the Dungeon.
             The game lasted 00:06:33 (3191 turns).

leafyfresh the Transmogrifier (Merfolk Transmuter)  Turns: 3191, Time: 00:06:34

Health: -2/64      AC: 23    Str: 11    XL:     6   Next: 0%
Magic:  9/9        EV:  2    Int: 12    God:
Gold:   246        SH:  0    Dex: 16    Spells: 5/9 levels left

rFire   . . .        e - +0 mace
rCold   + . .        (no shield)
rNeg    . . .        a - melded +0 robe
rPois   +            c - melded +0 helmet
rElec   .            (cloak currently unavailable)
rCorr   .            (gloves currently unavailable)
SInv    .            (boots currently unavailable)
Will    .....        (no amulet)
Stlth   +            d - ring of protection from cold
HPRegen 0.30/turn    (no ring)
MPRegen 0.11/turn

%: no passive effects
@: tree-form, invisible, very slow
A: stationary, stasis, torment immunity, boosted hp, (nimble swimmer 2),
(mertail)
a: no special abilities


You were on level 4 of the Dungeon.
You were a tree.
You visited 1 branch of the dungeon, and saw 4 of its levels.

You collected 246 gold pieces.

Inventory:

Hand Weapons
 e - a +0 mace (weapon)
 o - a +0 sling
Missiles
 u - a throwing net
Armour
 a - a +0 robe (melded)
 c - a +0 helmet (melded)
Jewellery
 d - a ring of protection from cold (left branch)
Scrolls
 f - a scroll of magic mapping {unknown}
 g - a scroll of fog {unknown}
 i - 2 scrolls of identify {unknown}
 j - a scroll of vulnerability {unknown}
 l - a scroll of fear {unknown}
 q - a scroll of teleportation {unknown}
 s - 2 scrolls of poison {unknown}
 t - 2 scrolls of brand weapon {unknown}
 x - a scroll of acquirement {unknown}
 y - a scroll of enchant armour {unknown}
Potions
 h - a potion of heal wounds {unknown}
 k - 2 potions of curing
 m - a potion of invisibility
 n - a potion of flight {unknown}
 p - a potion of magic {unknown}
 r - 2 potions of brilliance {unknown}
 v - a potion of resistance {unknown}
 w - 2 potions of mutation {unknown}


   Skills:
 - Level 1.1 Fighting
 - Level 2.6 Dodging
 - Level 3.2 Unarmed Combat
 - Level 2.0 Spellcasting
 + Level 8.0 Transmutations


You had 5 spell levels left.
You knew the following spells:

 Your Spells              Type           Power      Damage    Failure   Level
a - Beastly Appendage     Tmut           40%        N/A       1%          1
b - Spider Form           Tmut/Pois      10%        N/A       16%         3

Your spell library contained the following spells:

 Spells                   Type           Power      Damage    Failure   Level
 Wereblood                Tmut           20%        N/A       1%          2
 Magic Dart               Conj           4%         1d3       26%         1
 Call Imp                 Summ           2%         N/A       38%         2
 Static Discharge         Conj/Air       2%         2-3/arc   38%         2
 Ice Form                 Ice/Tmut       10%        N/A       45%         4
 Mephitic Cloud           Conj/Pois/Air  1%         N/A       63%         3
 Airstrike                Air            0%         2d(1-17)  95%         4
 Summon Lightning Spire   Summ/Air       1%         N/A       95%         4


Dungeon Overview and Level Annotations

Branches:
Dungeon (4/15)
 Temple: D:4-7

Altars:

Shops:
D:1 *

Annotations:
D:4 Pikel


Innate Abilities, Weirdness & Mutations

You are a tree.
Your roots penetrate the ground, keeping you stationary.
You cannot be teleported.
You are immune to unholy pain and torment.
Your maximum health is greatly increased.
Your equipment is partially melded.
((You are very nimble when in or above water. (Stealth+, EV+, Speed+++)))
((Your lower body shifts to a powerful aquatic tail in water.))


Message History

You closely miss Pikel.
Pikel is moderately wounded.
The lemure hits you but does no damage. The lemure hits you.
* * * LOW HITPOINT WARNING * * *
Pikel zaps a wand.
The puff of flame hits you but does no damage.
The lemure barely misses you. The lemure hits you but does no damage.
You closely miss Pikel.
Pikel is moderately wounded.
You are engulfed in a cloud of scalding steam.
Pikel zaps a wand.
The puff of flame hits you!
* * * LOW HITPOINT WARNING * * *
The lemure hits you but does no damage.
The lemure hits the plant!
The plant begins to die.
The lemure hits you but does no damage.
Pikel splashes around in the water.
Unknown command.
It was a potion of curing.
You feel better.
You are engulfed in a cloud of scalding steam.
* * * LOW HITPOINT WARNING * * *
The lemure hits the plant.
The lemure hits you but does no damage. x2
Pikel hits you but does no damage.
It was a potion of invisibility.
You fade into invisibility!
You are engulfed in a cloud of scalding steam.
The lemure hits the plant!
The lemure hits you but does no damage. The lemure completely misses you.
Pikel zaps a wand.
The puff of flame hits you but does no damage.
Unknown command.
You barely miss Pikel.
Pikel is moderately wounded.
The lemure hits the plant.
The lemure hits you but does no damage. x2
Pikel splashes around in the water.
The lemure hits the plant.
The lemure hits you but does no damage.
Unknown command.
You closely miss Pikel.
Pikel is moderately wounded.
A nearby plant withers and dies.
The lemure splashes around in the water.
Pikel hits you with a +1 whip of flaming.
You die...

...................#
...~P.............##
.#~.PPP.#..####.###
.~P~P~.~.#.# #.# ##
P~~~~P~~PP.# #.#
#..~~~♣♣♣♣~~P.# #.#
##..P ♣♣~P## #.#
....PP♣♣♣♣♣♣~~# #.#
#..P~5♣♣~~~~## #.#
#$..P.5Kw~~.#
#.....55~.~#.......
#......##..#...5...
....................
#############...:...
....K.. #$####. .#


You could see Pikel, 4 lemures and a dart slug.

Vanquished Creatures
  A sleepcap (D:4)
  An iguana (D:3)
  3 adders
  4 gnolls (D:3)
  2 worms (D:2)
  3 dart slugs
  4 orcs (D:3)
  6 ball pythons
  6 endoplasms
  4 giant cockroaches
  5 goblins
  4 hobgoblins
  13 jackals
  A quokka (D:2)
  8 bats
  11 kobolds
  8 rats
84 creatures vanquished.

Notes
Turn   | Place    | Note
-------+----------+-------------------------------------------
     0 | D:1      | leafyfresh the Merfolk Transmuter began the quest for the
                  | Orb.
     0 | D:1      | Reached XP level 1. HP: 15/15 MP: 3/3
    17 | D:1      | Reached skill level 3 in Transmutations
    90 | D:1      | Found Qymoy's Assorted Antiques.
   108 | D:1      | Reached XP level 2. HP: 18/21 MP: 5/5
   202 | D:1      | Reached skill level 4 in Transmutations
   431 | D:1      | Reached XP level 3. HP: 26/26 MP: 6/6
   706 | D:2      | Reached skill level 5 in Transmutations
   710 | D:2      | HP: 1/26 [poisoned by an adder]
  1015 | D:1      | Learned a level 3 spell: Spider Form
  1374 | D:2      | Reached XP level 4. HP: 32/32 MP: 7/7
  1847 | D:2      | Reached skill level 6 in Transmutations
  2419 | D:3      | Reached XP level 5. HP: 21/37 MP: 4/8
  2425 | D:3      | Reached skill level 7 in Transmutations
  3137 | D:4      | Reached skill level 8 in Transmutations
  3137 | D:4      | Reached XP level 6. HP: 42/43 MP: 6/9
  3164 | D:4      | Noticed Pikel
  3187 | D:4      | HP: 1/64 [Pikel/puff of flame (9)]
  3191 | D:4      | Slain by Pikel

Illustrated notes

Levels and vault maps discovered:
D:1:      tarquinn_simple_flora_water_e, layout_rooms, serial_shops, shop,
          supply_closet_lemuel
D:2:      layout_loops_ring, dreamdust_princess_corridor
D:3:      minmay_door_path, layout_rooms
D:4:      layout_basic, minmay_temple_entry_from_below_a, serial_bayou_pond_c,
          nrook_mini_backslash, uniq_pikel, uniq_crazy_yiuf_cottage,
          uniq_sigmund

Skill      XL: |  1  2  3  4  5 |
---------------+----------------+-----
Transmutations | 3 4 5 6 8 |  8.0
Fighting       | |  1.1
Dodging        | |  2.6
Unarmed Combat | |  3.2
Spellcasting   | |  2.0

Action                     |  1- 3 |  4- 6 || total
---------------------------+-------+-------++-------
  Melee: Mace              |    77 |   115 ||   192
         Unarmed           |    15 |    76 ||    91
         Headbutt          |     6 |     1 ||     7
         Punch             |     2 |     1 ||     3
         Tailslap          |       |     2 ||     2
   Fire: Sling             |    10 |       ||    10
   Cast: Beastly Appendage |     4 |     2 ||     6
         Spider Form       |     1 |     7 ||     8
    Use: Potion            |       |     3 ||     3
   Stab: Sleeping          |       |     2 ||     2
 Armour: Robe              |    25 |    32 ||    57
         Skin              |     2 |    28 ||    30
  Dodge: Dodged            |    92 |   196 ||   288
